 Dungeon Crawl Stone Soup version 0.13-a0-1804-g486adc7 (webtiles) character file.

1742 Fv001 the Ducker (level 8, 0/68 HPs)
             Began as a Green Draconian Fighter on June 24, 2013.
             Was an Initiate of Okawaru.
             Slain by a killer bee (2 damage)
             ... on Level 7 of the Dungeon.
             The game lasted 00:30:14 (6638 turns).

Fv001 the Ducker (Green Draconian Fighter)          Turns: 6638, Time: 00:30:16

HP   0/68        AC  8     Str 19      XL: 8   Next: 61%
MP  11/11        EV 12     Int 11      God: Okawaru [......]
Gold 156         SH 19     Dex 10      Spells:  0 memorised, 11 levels left

Res.Fire  : + . .   See Invis. : .   w - +0,+2 orc flail
Res.Cold  : + . .   Warding    : .   (armour unavailable)
Life Prot.: . . .   Conserve   : .   c - +0 shield
Res.Poison: +       Res.Corr.  : .   (helmet restricted)
Res.Elec. : .       Clarity    : .   (no cloak)
Sust.Abil.: . .     Spirit.Shd : .   b - +0 pair of gauntlets
Res.Mut.  : .       Stasis     : .   d - +0 pair of boots
Res.Rott. : .       Flight     : .   (no amulet)
Saprovore : . . .                    n - ring of protection from fire
                                     v - ring of protection from cold

@: slightly resistant to hostile enchantments, fairly stealthy
A: breathe noxious fumes, unfitting armour, poison resistance, AC +6
a: Breathe Noxious Fumes, Renounce Religion


You were on level 7 of the Dungeon.
You worshipped Okawaru.
Okawaru was pleased with you.
You were hungry.

You visited 2 branches of the dungeon, and saw 8 of its levels.

You collected 287 gold pieces.
You spent 151 gold pieces at shops.

Inventory:

Hand weapons
 a - a +1,+0 mace
 w - a +0,+2 orcish flail (weapon)
 C - a +0 blowgun
Missiles
 e - 87 darts (quivered)
 i - 85 stones
 j - 7 darts of dispersal
 y - 5 poisoned darts
Armour
 b - a +0 pair of gauntlets (worn)
 c - a +0 shield (worn)
 d - a +0 pair of boots (worn)
Comestibles
 f - 3 bread rations
 x - 4 meat rations
 A - 2 pears
 B - an apricot
 G - a rotting chunk of adder flesh
Scrolls
 k - a scroll of random uselessness {unknown}
 o - 2 scrolls of teleportation
 p - a scroll of fog {unknown}
 r - 4 scrolls of noise {unknown}
 u - 2 scrolls of blinking
 z - a scroll of enchant weapon I
 D - a scroll of curse armour {unknown}
 F - a scroll of magic mapping {unknown}
Jewellery
 m - a +5 ring of intelligence {unknown}
 n - a ring of protection from fire (right hand)
 v - a ring of protection from cold (left hand)
 H - an uncursed ring of sustain abilities {unknown}
Potions
 g - 2 potions of flight {unknown}
 h - a potion of restore abilities {unknown}
 l - 2 potions of porridge {unknown}
 q - 3 potions of curing {unknown}
 s - a potion of poison {unknown}
 t - a potion of heal wounds


   Skills:
 + Level 5.0 Fighting
 + Level 4.6 Maces & Flails
 + Level 0.1 Throwing
 + Level 5.8 Dodging
 + Level 3.7 Stealth
 + Level 4.4 Shields
 + Level 2.6 Traps
 + Level 2.0 Spellcasting


You had 11 spell levels left.
You didn't know any spells.

Dungeon Overview and Level Annotations

Branches:
Dungeon (7/27)             Temple (1/1) D:4
    Orc: D:6-11

Altars:
Ashenzari
Cheibriados
Elyvilon
Fedhas
Kikubaaqudgha
Makhleb
Nemelex Xobeh
Okawaru
Sif Muna
Trog
Vehumet
Xom
Yredelemnul
Zin
the Shining One

Shops:
D:4: %


Innate Abilities, Weirdness & Mutations

You can breathe blasts of noxious fumes.
Your lurid green scales are hard (AC +6).
Your body does not fit into most forms of armour.
Your cold-blooded metabolism reacts poorly to cold.
Your system is resistant to poisons.


Message History

You miss the killer bee.
The killer bee is severely wounded.
You block the killer bee's attack. The killer bee stings you.
* * * LOW HITPOINT WARNING * * *
The killer bee closely misses you.
You miss the killer bee.
The killer bee is severely wounded.
The killer bee stings you.
* * * LOW HITPOINT WARNING * * *
The killer bee stings you but does no damage.
You hit the killer bee.
The killer bee is almost dead.
The killer bee closely misses you. You block the killer bee's attack.
You miss the killer bee.
The killer bee is almost dead.
The killer bee stings you!
* * * LOW HITPOINT WARNING * * *
The killer bee stings you but does no damage.
The killer bee stings you.
You die...

..##............ .
#.............# .#
##.#..........# .#
###.....?^...# .#
#....^.....# .#
#..........# .#
#.........)# .######
#.....%....###........
#...........k@.......(
###........##.........
#...........#........
#.......#...#$.....##
#.......#...#......#
#....$.............#
#...?...#...#......
.....#####..... ..#
#..


You could see a killer bee.

Vanquished Creatures
  The ghost of magnusvenator the Shield-Bearer, an average MiFi (D:4)
  A sky beast (D:4)
  An ice beast (D:6)
  2 ogres
  Duvessa (D:7)
  3 giant frogs (D:6)
  A killer bee (D:7)
  A goliath beetle (D:6)
  Dowan (D:7)
  A crimson imp (D:5)
  An ogre skeleton (D:4)
  2 orc priests (D:4)
  A hound (D:4)
  A scorpion (D:4)
  An iguana (D:4)
  3 orc wizards
  3 worker ants
  Jessica (D:3)
  11 adders
  A giant mite (D:3)
  A worm (D:5)
  A bat skeleton (D:4)
  A giant eyeball (D:4)
  3 giant geckos
  23 orcs
  A ball python (D:2)
  13 bats
  5 giant cockroaches
  17 goblins
  11 hobgoblins
  19 jackals
  15 kobolds
  2 quokkas
  4 giant newts
  A goblin skeleton (D:4)
  A jackal skeleton (D:6)
  A kobold zombie (D:6)
  An orc skeleton (D:5)
  12 rats
  A rat skeleton (D:4)
  A rat zombie (D:6)
172 creatures vanquished.

Vanquished Creatures (others)
  2 rats
2 creatures vanquished.

Grand Total: 174 creatures vanquished

Notes
Turn   | Place    | Note
--------------------------------------------------------------
     0 | D:1      | Fv001, the Draconian Fighter, began the quest for the Orb.
     0 | D:1      | Reached XP level 1. HP: 19/19 MP: 0/0
    88 | D:1      | Reached XP level 2. HP: 17/26 MP: 1/1
   320 | D:1      | Reached skill level 1 in Stealth
   755 | D:1      | Reached XP level 3. HP: 33/33 MP: 2/2
  1484 | D:2      | Reached skill level 1 in Spellcasting
  1546 | D:2      | Reached XP level 4. HP: 37/39 MP: 4/4
  2007 | D:3      | Reached skill level 1 in Traps
  2263 | D:3      | Reached XP level 5. HP: 35/46 MP: 5/5
  2871 | D:3      | Noticed Jessica
  2897 | D:3      | Killed Jessica
  3653 | D:4      | Found Eplidoan's Food Emporium.
  3662 | D:4      | Bought a beef jerky for 19 gold pieces
  3662 | D:4      | Bought a meat ration for 44 gold pieces
  3662 | D:4      | Bought a meat ration for 44 gold pieces
  3662 | D:4      | Bought a meat ration for 44 gold pieces
  3672 | D:4      | Reached XP level 6. HP: 41/52 MP: 7/7
  3697 | D:4      | Noticed an ogre
  3699 | D:4      | Noticed magnusvenator's ghost (average MiFi)
  3737 | D:3      | Killed an ogre
  3737 | D:3      | Reached skill level 4 in Dodging
  4030 | D:4      | Killed magnusvenator's ghost
  4030 | D:4      | Your scales start taking on a lurid green colour.
  4030 | D:4      | Gained mutation: Your system is resistant to poisons. [draconian maturity]
  4030 | D:4      | Reached XP level 7. HP: 22/59 MP: 9/9
  4331 | D:4      | Found a staircase to the Ecumenical Temple.
  4393 | Temple   | Entered the Ecumenical Temple
  4592 | Temple   | Became a worshipper of Warmaster Okawaru
  4688 | D:4      | Noticed a sky beast
  4704 | D:4      | Killed a sky beast
  4704 | D:4      | Reached skill level 5 in Dodging
  5327 | D:5      | Entered Level 5 of the Dungeon
  5649 | D:5      | Reached XP level 8. HP: 52/67 MP: 11/11
  6235 | D:6      | Reached skill level 5 in Fighting
  6526 | D:7      | Noticed Duvessa
  6548 | D:7      | Noticed Dowan
  6577 | D:7      | Killed Duvessa
  6583 | D:7      | Killed Dowan
  6638 | D:7      | HP: 2/68 [killer bee (7)]
  6638 | D:7      | Slain by a killer bee

Action                   |  1- 3 |  4- 6 |  7- 9 || total
-------------------------+-------+-------+-------++-------
Melee: Mace              |   145 |   196 |       ||   341
       Flail             |       |    69 |   271 ||   340
Throw: Dart              |    12 |     3 |     4 ||    19
 Abil: Breathe Noxious F |       |       |     7 ||     7
  Use: Scroll            |       |     6 |     1 ||     7
       Potion            |       |     2 |       ||     2
 Stab: Sleeping          |       |     1 |     2 ||     3
       Confused          |       |       |     2 ||     2
       Distracted        |       |       |     1 ||     1
